Map: Honorgrounds LE

Players

Krr - Winner!

  • Race: Protoss Protoss
  • Spawn Location: 1:00

ParanOid

  • Race: Zerg Zerg
  • Spawn Location: 5:00

Event: IEM XI Katowice - World Championship 2017

VOD

Have the link to the VOD?

Description

Time

  • Played on: Feb. 28, 2017, 6:02 a.m.
  • Length: 13:23

All games in this series

Show
View Real Time Build Order
Export as new Build Order

Krr Protoss - Winner!

Build Orders: 1 Gate Expand, Oracle Opening, Carrier Rush 

Get SALT Encoding   

  12  0:00  Probe (Chrono Boost)  
  13  0:11  Probe (Chrono Boost)  
  14  0:18  Pylon  
  14  0:22  Probe (Chrono Boost)  
  15  0:36  Probe (Chrono Boost)  
  15  0:39  Gateway  
  16  0:46  Probe (Chrono Boost)  
  16  0:48  Assimilator  
  18  0:57  Probe (Chrono Boost)  
  18  1:07  Probe (Chrono Boost)  
  19  1:23  Nexus  
  19  1:26  Probe (Chrono Boost)  
  20  1:36  Cybernetics Core  
  20  1:39  Probe (Chrono Boost)  
  21  1:44  Assimilator  
  21  1:49  Probe (Chrono Boost)  
  22  1:54  Pylon  
  22  2:00  Probe (Chrono Boost)  
  23  2:08  Stalker  
  23  2:14  Probe (Chrono Boost)  
  26  2:26  Probe (Chrono Boost)  
  27  2:30  Stargate  
  27  2:35  Probe (Chrono Boost)  
  29  2:38  Probe (Chrono Boost)  
  29  2:41  Warp Gate, Pylon  
  29  2:42  Adept  
  29  2:48  Probe (Chrono Boost)  
  32  2:53  Probe (Chrono Boost)  
  33  2:59  Probe (Chrono Boost)  
  33  3:04  Assimilator  
  35  3:06  Probe (Chrono Boost)  
  35  3:09  Assimilator, Probe (Chrono Boost)  
  35  3:10  Oracle  
  40  3:20  Probe x2 (Chrono Boost)  
  41  3:36  Probe (Chrono Boost)  
  41  3:39  Mothership Core (Chrono Boost)  
  43  3:41  Oracle  
  43  3:48  Probe (Chrono Boost)  
  47  3:57  Probe (Chrono Boost)  
  47  4:00  Probe (Chrono Boost)  
  49  4:07  Stargate  
  49  4:08  Probe (Chrono Boost)  
  49  4:09  Pylon  
  50  4:12  Probe (Chrono Boost)  
  51  4:18  Probe (Chrono Boost)  
  51  4:20  Fleet Beacon  
  53  4:24  Probe (Chrono Boost)  
  53  4:29  Probe (Chrono Boost)  
  54  4:36  Probe (Chrono Boost)  
  55  4:39  Pylon, Probe (Chrono Boost)  
  55  4:40  Pylon  
  56  4:51  Probe (Chrono Boost)  
  56  4:52  Carrier  
  58  4:53  Carrier  
  57  5:01  Pylon  
  69  5:11  Protoss Air Weapons Level 1  
  69  5:19  Probe x2 (Chrono Boost)  
  71  5:26  Graviton Catapult  
  71  5:32  Pylon  
  71  5:41  Nexus  
  70  5:45  Stargate  
  71  5:51  Probe x2 (Chrono Boost)  
  70  5:59  Nexus  
  70  6:03  Forge  
  70  6:05  Pylon  
  70  6:06  Pylon  
  70  6:08  Pylon x2  
  70  6:16  Void Ray x2  
  78  6:32  Void Ray  
  78  6:35  Probe (Chrono Boost)  
  78  6:37  Probe (Chrono Boost)  
  84  6:50  Assimilator, Probe (Chrono Boost)  
  84  6:51  Carrier, Probe (Chrono Boost)  
  86  6:55  Assimilator  
  86  6:58  Void Ray  
  98  7:09  Probe x2 (Chrono Boost)  
  98  7:13  Protoss Air Weapons Level 2  
  98  7:15  Probe (Chrono Boost)  
  99  7:21  Probe (Chrono Boost)  
  100  7:28  Probe (Chrono Boost)  
  100  7:29  Probe (Chrono Boost)  
  102  7:30  Carrier  
  102  7:33  Probe (Chrono Boost)  
  103  7:42  Void Ray  
  113  7:50  Probe (Chrono Boost)  
  116  7:51  Probe x2 (Chrono Boost)  
  116  8:03  Stargate  
  116  8:04  Probe (Chrono Boost)  
  116  8:05  Probe x2 (Chrono Boost)  
  119  8:14  Probe (Chrono Boost), Robotics Facility  
  119  8:17  Probe x2 (Chrono Boost)  
  119  8:18  Photon Cannon x2  
  119  8:19  Void Ray  
  126  8:27  Void Ray  
  130  8:37  Photon Cannon  
  130  8:39  Photon Cannon  
  133  8:48  Probe (Chrono Boost)  
  133  8:49  Probe x2 (Chrono Boost)  
  133  8:55  Void Ray  
  137  8:57  Void Ray  
  137  9:00  Pylon  
  137  9:01  Pylon  
  137  9:03  Pylon  
  141  9:13  Void Ray, Photon Cannon  
  141  9:14  Void Ray  
  141  9:19  Observer  
  150  9:26  Pylon, Stargate  
  150  9:37  Void Ray  
  150  9:38  Void Ray  
  151  9:40  Protoss Air Weapons Level 3  
  155  9:50  Void Ray  
  155  9:59  Void Ray  
  159  10:03  Pylon  
  163  10:19  Probe (Chrono Boost), Void Ray  
  163  10:20  Pylon, Probe x2 (Chrono Boost)  
  169  10:22  Pylon  
  169  10:24  Pylon  
  169  10:25  Pylon  
  169  10:27  Carrier  
  169  10:31  Observer  
  169  10:34  Carrier  
  170  10:37  Nexus  
  170  10:39  Pylon  
  182  10:50  Void Ray  
  182  10:52  Observer  
  187  11:06  Void Ray  
  191  11:15  Void Ray  
  195  11:28  Photon Cannon x2  
  195  11:30  Photon Cannon  
  195  11:31  Photon Cannon  
  195  11:34  Photon Cannon  
  195  11:36  Assimilator, Photon Cannon  
  195  11:37  Photon Cannon  
  195  11:38  Assimilator  
  195  11:39  Void Ray  
  199  11:50  Photon Cannon x2  
  199  11:53  Photon Cannon  
  199  11:57  Observer  
  196  12:09  Void Ray  
  200  12:27  Void Ray x2  
  190  12:33  Void Ray x2  
  188  12:53  Pylon  
Show
View Real Time Build Order
Export as new Build Order

ParanOid Zerg 

Build Orders: Hatch First 

Get SALT Encoding   

  12  0:01  Drone  
  13  0:13  Overlord  
  13  0:18  Drone  
  14  0:32  Drone x2  
  16  0:36  Drone  
  17  0:53  Hatchery  
  17  0:56  Drone  
  17  0:59  Drone  
  18  1:06  Extractor  
  17  1:14  Spawning Pool  
  17  1:17  Drone  
  17  1:21  Drone  
  18  1:30  Drone  
  19  1:39  Overlord  
  19  1:54  Hatchery  
  18  1:56  Drone  
  19  2:01  Drone  
  19  2:06  Drone  
  21  2:11  Zergling x2  
  22  2:21  Queen  
  24  2:24  Metabolic Boost  
  24  2:27  Drone  
  24  2:29  Drone  
  26  2:33  Drone  
  26  2:36  Drone  
  28  2:38  Drone  
  28  2:44  Drone  
  30  2:49  Drone  
  31  2:52  Pneumatized Carapace  
  31  2:54  Drone  
  32  3:00  Overlord  
  32  3:04  Queen  
  34  3:07  Drone  
  34  3:09  Zergling x2  
  34  3:11  Zergling x2  
  37  3:16  Zergling x2  
  37  3:19  Drone  
  39  3:21  Drone  
  40  3:27  Queen  
  40  3:28  Drone x2  
  44  3:37  Drone x3  
  44  3:40  Overlord  
  47  3:44  Drone  
  47  3:45  Drone x2  
  47  3:47  Spore Crawler  
  49  3:50  Spore Crawler, Drone  
  49  3:53  Drone  
  50  3:55  Overlord  
  50  4:02  Drone  
  49  4:03  Overlord  
  49  4:07  Overlord  
  49  4:14  Evolution Chamber  
  48  4:18  Drone x5  
  48  4:22  Spore Crawler  
  48  4:23  Drone  
  53  4:25  Drone  
  53  4:27  Drone  
  55  4:31  Drone  
  55  4:37  Queen x2  
  59  4:39  Overlord x2  
  59  4:44  Zerg Melee Weapons Level 1  
  59  4:46  Lair  
  59  4:51  Zergling x2  
  59  4:52  Zergling x8  
  64  4:54  Drone x2  
  64  4:56  Drone  
  64  4:57  Drone x2  
  70  5:00  Drone  
  70  5:09  Zergling x6  
  70  5:10  Zergling x8  
  77  5:20  Extractor  
  77  5:21  Extractor  
  75  5:22  Drone  
  75  5:23  Baneling Nest, Drone x6  
  81  5:30  Hatchery  
  81  5:33  Extractor  
  81  5:34  Extractor  
  81  5:35  Drone x3  
  81  5:36  Drone  
  81  5:42  Extractor  
  81  5:43  Overlord x2  
  80  5:50  Overlord  
  80  5:55  Drone  
  80  5:56  Drone x9  
  90  6:10  Drone  
  90  6:11  Overlord x2  
  91  6:12  Queen x3  
  91  6:16  Drone  
  98  6:22  Centrifical Hooks  
  98  6:26  Spire  
  98  6:27  Infestation Pit  
  98  6:31  Drone x8  
  104  6:35  Spore Crawler  
  104  6:36  Drone x3  
  104  6:37  Spore Crawler  
  105  6:41  Zerg Melee Weapons Level 2  
  104  6:48  Queen, Drone x2  
  104  6:52  Extractor  
  104  6:53  Extractor  
  106  7:14  Hive  
  106  7:17  Overlord x2  
  106  7:33  Spore Crawler  
  106  7:34  Spore Crawler, Drone  
  106  7:35  Drone x5  
  106  7:36  Drone x3  
  106  7:37  Drone x5  
  110  7:38  Drone x3  
  110  7:41  Zerg Flyer Weapons Level 1  
  114  7:44  Corruptor  
  114  7:45  Spire, Corruptor x7  
  128  7:57  Drone x2  
  128  7:58  Drone  
  131  8:11  Overlord x3  
  131  8:12  Overlord x2  
  131  8:16  Queen, Hatchery  
  132  8:33  Zergling x2  
  132  8:34  Zergling x8  
  137  8:41  Ultralisk Cavern  
  137  8:43  Overseer  
  137  8:45  Adrenal Glands  
  136  8:54  Drone x5  
  141  8:56  Overseer  
  141  8:58  Spore Crawler x3, Zerg Flyer Armor Level 1  
  141  8:59  Spore Crawler  
  141  9:00  Zerg Ground Armor Level 1  
  141  9:01  Spore Crawler  
  141  9:02  Spore Crawler x2  
  134  9:23  Infestor x2  
  138  9:29  Chitinous Plating  
  138  9:31  Ultralisk x2  
  150  9:41  Drone x3  
  150  9:42  Spore Crawler, Drone  
  150  9:43  Spore Crawler  
  150  9:44  Spore Crawler, Lair  
  150  9:45  Spore Crawler  
  150  9:46  Drone x2  
  150  9:50  Infestor, Extractor  
  153  9:52  Extractor  
  150  10:10  Corruptor x10  
  150  10:12  Hatchery, Overlord x2  
  164  10:23  Hatchery  
  164  10:27  Drone x3  
  164  10:32  Spore Crawler  
  164  10:33  Spore Crawler x2  
  164  10:34  Spore Crawler  
  148  10:36  Drone x2  
  148  10:37  Corruptor x4  
  148  10:40  Drone  
  148  10:41  Drone x4  
  148  10:42  Drone  
  164  10:51  Baneling x4  
  164  10:52  Baneling x4  
  164  10:53  Ultralisk  
  150  11:26  Corruptor  
  150  11:27  Corruptor x5  
  158  11:32  Zergling x2  
  158  11:33  Zergling x10  
  158  11:40  Evolution Chamber  
  158  11:44  Spore Crawler  
  158  11:45  Spore Crawler  
  155  11:49  Ultralisk, Zergling x2  
  155  11:50  Zergling x8  
  166  11:59  Drone x3  
  168  12:12  Infestor x2  
  99  12:39  Queen x2  
  101  12:47  Spire  
  101  12:48  Spire  
  96  12:55  Infestation Pit  
  92  12:59  Spawning Pool  

Tags
 
Add a new tag
Caveats
  • Supply blocks, unpowered buildings, or Contaminate may cause inaccurate times.
  • Supply counts are checked every 10 seconds.